 Dungeon Crawl Stone Soup version 0.26.1-11-gd32895ea62 (webtiles) character file.

Game seed: 17156336083972121621

18 infcreate the Sneak (level 2, 16/16 HPs)
             Began as a Vampire Enchanter on May 17, 2021.
             Quit the game on level 1 of the Dungeon.
             The game lasted 00:01:42 (840 turns).

infcreate the Sneak (Vampire Enchanter)              Turns: 840, Time: 00:01:42

Health: 16/16      AC:  2    Str:  7    XL:     2   Next: 51%
Magic:  5/5        EV: 13    Int: 17    God:
Gold:   36         SH:  0    Dex: 14    Spells: 2/5 levels left

rFire    . . .     SeeInvis +   a - +1 dagger
rCold    + + .     Faith    .   (no shield)
rNeg     + + +     Spirit   .   b - +0 robe
rPois    ∞         Reflect  .   (no helmet)
rElec    .         Harm     .   (no cloak)
rCorr    .         Rampage  .   (no gloves)
Will     .....                  (no boots)
Stlth    +++++.....             (no amulet)
HPRegen  0.05/turn              (no ring)
MPRegen  0.09/turn              (no ring)

@: bloodless
A: fangs 3, see invisible, unbreathing
a: Revivify


You were on level 1 of the Dungeon.
You visited 1 branch of the dungeon, and saw 1 of its levels.

You collected 36 gold pieces.


Innate Abilities, Weirdness & Mutations

You do not regenerate when monsters are visible.
You are frail without blood (-20% HP).
You can heal yourself when you bite living creatures.
You are immune to poison.
You have razor-sharp teeth.
You have supernaturally acute eyesight. (SInv)
You can survive without breathing.


   Skills:
 + Level 0.3 Fighting
 * Level 1.8 Short Blades
 + Level 2.3 Dodging
 * Level 4.8 Stealth
 + Level 2.1 Spellcasting
 + Level 4.5 Hexes


You had 2 spell levels left.
You knew the following spells:

 Your Spells              Type           Power        Failure   Level
c - Corona                Hex            18%          3%          1
e - Ensorcelled Hibernat  Hex/Ice        18%          12%         2

Your spell library contained the following spells:

 Spells                   Type           Power        Failure   Level
 Confusing Touch          Hex            17%          9%          3
 Tukima's Dance           Hex            17%          9%          3
 Dazzling Flash           Conj/Hex       18%          22%         3

Inventory:

Hand Weapons
 a - a +1 dagger (weapon)
Armour
 b - a +0 robe (worn)
Potions
 c - a potion of heal wounds {unknown}

Dungeon Overview and Level Annotations

Branches:
Dungeon (1/15)

Altars:

.........#
#.####
.........#
#.#
.........#
####.####.##
###......#
..........#
# #......#
#.#####..#
#......#
#.....(..#
#......#
#......#.#
##'#####
#.##.###.###
####.#
#.)@.......#
.....#
####.###.#)#
###### #.#
#.#.# #.#
#.... #.#
###### #.#
#.# #.# .#


There were no monsters in sight!


Message History

You see here a dart slug corpse.
Found 24 stones.
Found a hand axe. 2 hobgoblins come into view.
The hobgoblin shouts!
You hit the hobgoblin but do no damage. Your bite misses the hobgoblin.
The hobgoblin hits you with a +0 club.
You hit the hobgoblin.
The hobgoblin is severely wounded.
The hobgoblin hits you with a +0 club.
Casting: Corona (safe; 3% risk of failure)
Confirm with . or Enter, or press ? or * to list all spells.
Aiming: Corona (safe; 3% risk of failure)
Press: ? - help, Shift-Dir - straight line, f - hobgoblin
Aim: a hobgoblin, wielding a +0 club (severely wounded, chance to affect: 71%)
The hobgoblin is outlined in light.
The hobgoblin closely misses you.
You hit the hobgoblin.
You kill the hobgoblin!
You see here a +0 club.
You start resting.
Magic restored.
HP restored.
You see here a hand axe.
The helpless hobgoblin fails to defend itself.
You bite the hobgoblin, and draw its blood!
You impale the hobgoblin!!
You kill the hobgoblin!
Memorise Ensorcelled Hibernation, consuming 2 spell levels and leaving 2?
You finish memorising.
Spell assigned to 'e'.
Are you sure you want to abandon this character and quit the game? (Confirm with "yes".)

Action                   || total
-------------------------++-------
Melee: Dagger            ||    21
       Bite              ||     3
 Cast: Corona            ||     5
 Abil: Exsanguinate      ||     1
 Stab: Sleeping          ||     6
Armor: Robe              ||     4
Dodge: Dodged            ||    15

Levels and vault maps discovered:
D:1:      minmay_arrival_wavy_path, layout_basic

Notes
Turn   | Place    | Note
-------+----------+-------------------------------------------
     0 | D:1      | infcreate the Vampire Enchanter began the quest for the
                  | Orb.
     0 | D:1      | Reached XP level 1. HP: 13/13 MP: 3/3
   200 | D:1      | Reached XP level 2. HP: 6/15 MP: 3/5
   840 | D:1      | Learned a level 2 spell: Ensorcelled Hibernation
   840 | D:1      | Quit the game

Vanquished Creatures
  An ooze (D:1)
  A dart slug (D:1)
  A leopard gecko (D:1)
  4 hobgoblins (D:1)
  A bat (D:1)
  2 kobolds (D:1)
  A rat (D:1)
11 creatures vanquished.

Table legend: (Time is in decaauts)
 A = Elapsed time spent in this place.
 B = Non-inter-level travel time spent in this place.
 C = Inter-level travel time spent in this place.
 D = Time resting spent in this place.
 E = Time spent auto-exploring this place.
 F = Levels seen in this place.
 G = Mean time per level.
                   A        B        C        D        E       F      G
               +--------+--------+--------+--------+--------+-----+--------+
         Total |    838 |    838 |      0 |    118 |    625 |   1 |  838.0 |
       Dungeon |    838 |    838 |      0 |    118 |    625 |   1 |  838.0 |
               +--------+--------+--------+--------+--------+-----+--------+

Top non-repeatable levels by time:
     D:1: 838 daAuts

Table legend:
 A = Non-vault XP
 B = Vault XP
 C = Vault XP percentage of total XP
 D = Non-vault monster count
 E = Vault monster count
 F = Vault count percentage of total count
                 A         B        C        D         E       F
            +---------+---------+-------+---------+---------+-------
      Total |      27 |       0 |   0.0 |      11 |       0 |   0.0
            +---------+---------+-------+---------+---------+-------
        D:1 |      27 |       0 |   0.0 |      11 |       0 |   0.0
            +---------+---------+-------+---------+---------+-------
